 Dungeon Crawl Stone Soup version 0.28.0-62-gf88900778d (webtiles) character file.

Game seed: 4420532693701108668

56 Froggeryz the Cudgeller (level 3, -1/42 HPs)
             Began as a Demonspawn Gladiator on Jan 29, 2024.
             Was a Follower of Trog.
             Succumbed to an adder's poison
             ... on level 2 of the Dungeon.
             The game lasted 00:01:37 (2666 turns).

Froggeryz the Cudgeller (Demonspawn Gladiator)      Turns: 2666, Time: 00:01:38

Health: -1/42      AC:  4    Str: 16    XL:     3   Next: 71%
Magic:  3/3        EV: 12    Int: 11    God:    Trog [*.....]
Gold:   58         SH:  0    Dex: 14    Spells: 2/2 levels left

rFire   . . .      SeeInvis .   a - +0 flail
rCold   . . .      Faith    .   (no shield)
rNeg    . . .      Spirit   .   b - +0 leather armour
rPois   .          Reflect  .   c - +0 helmet
rElec   .          Harm     .   (no cloak)
rCorr   .          Rampage  .   (no gloves)
Will    .....                   (no boots)
Stlth   ..........              (no amulet)
HPRegen 0.14/turn               (no ring)
MPRegen 0.08/turn               (no ring)

@: berserking, lethally poisoned (-1 -> -13), very quick
A: ignite blood 1, big brain 1
a: Renounce Religion, Berserk


You were on level 2 of the Dungeon.
You worshipped Trog.
Trog was aware of your devotion.
You visited 1 branch of the dungeon, and saw 2 of its levels.

You collected 58 gold pieces.

Inventory:

Hand Weapons
 a - a +0 flail (weapon)
Missiles
 d - 3 throwing nets (quivered)
Armour
 b - a +0 leather armour (worn)
 c - a +0 helmet (worn)
Scrolls
 e - 4 scrolls of identify {unknown}
 f - a scroll of teleportation
 i - a scroll of immolation {unknown}
 j - a scroll of amnesia {unknown}
 l - a scroll of fog {unknown}
 m - a scroll of torment {unknown}
Potions
 g - a potion of curing
 h - a potion of cancellation {unknown}
 k - a potion of mutation {unknown}


   Skills:
 + Level 2.6 Fighting
 * Level 3.6 Maces & Flails
 - Level 1.7 Throwing
 + Level 1.3 Armour
 - Level 2.6 Dodging


You had 2 spell levels left.
You didn't know any spells.
Your spell library was empty.

Dungeon Overview and Level Annotations

Branches:
Dungeon (2/15)

Altars:
Trog


Innate Abilities, Weirdness & Mutations

Your demonic aura sometimes causes spilled blood to erupt in flames.
You have an unusually large brain. (Int +2)


Message History

You completely miss the adder.
The adder is severely wounded.
You feel sick. The adder bites you but does no damage. The adder misses you.
You hit the adder.
The adder is almost dead.
You feel sick.
You are no longer poisoned.
The adder barely misses you.
You closely miss the adder.
The adder is almost dead.
The adder bites you but does no damage. x2
You barely miss the adder.
The adder is almost dead.
The endoplasm jiggles.
The adder bites you.
You are poisoned.
The adder poisons you!
A red film seems to cover your vision as you go berserk!
You feel yourself moving faster!
You feel mighty!
You can no longer call upon Trog for regeneration and willpower.
You feel sick. The adder bites you.
* * * LOW HITPOINT WARNING * * *
You are lethally poisoned!
The adder poisons you! The adder closely misses you.
You barely miss the adder.
The adder is almost dead.
* * * LOW HITPOINT WARNING * * *
You feel sick. The adder bites you.
* * * LOW HITPOINT WARNING * * *
You are more poisoned.
The adder poisons you!
You miss the adder.
The adder is almost dead.
* * * LOW HITPOINT WARNING * * *
You feel very sick. The adder bites you.
* * * LOW HITPOINT WARNING * * *
You barely miss the adder.
The adder is almost dead.
You die...

.# ####.#####.###.##
..# #.........## ##.#
...##.##.#####.###.##
....###...## ##.#.##
.....#.....# ##.##
.....#....## #.#
.....#.#.## ####.####
.....'.#.# #.......#
.....'.#.# #.##@##.#
.....###+# # #S# #
.....#


ggJ .....# ##S## ....## #.# ...## #.. ..## ... .# ... # You could see 2 adders,
an endoplasm, a hobgoblin and a goblin.

Vanquished Creatures
  A hound skeleton (D:2)
  A dart slug (D:1)
  2 endoplasms
  2 giant cockroaches (D:1)
  5 hobgoblins
  4 jackals (D:1)
  A quokka (D:2)
  3 ball pythons
  6 bats
  3 frilled lizards
  3 goblins (D:1)
  2 kobolds
  5 rats
38 creatures vanquished.

Notes
Turn   | Place    | Note
-------+----------+-------------------------------------------
     0 | D:1      | Froggeryz the Demonspawn Gladiator began the quest for the
                  | Orb.
     0 | D:1      | Reached XP level 1. HP: 16/16 MP: 1/1
   479 | D:1      | Found a faded altar of an unknown god.
   528 | D:1      | Reached skill level 3 in Maces & Flails
   528 | D:1      | Gained mutation: Your demonic aura sometimes causes spilled
                  | blood to erupt in flames. [demonic ancestry]
   528 | D:1      | Reached XP level 2. HP: 20/22 MP: 2/2
   611 | D:1      | Prayed at the altar of an unknown god.
   611 | D:1      | Became a worshipper of Trog the Wrathful
   611 | D:1      | Reached * piety under Trog
  1416 | D:1      | Reached skill level 1 in Armour
  1421 | D:1      | Gained mutation: You have an unusually large brain. (Int
                  | +2) [demonic ancestry]
  1421 | D:1      | Reached XP level 3. HP: 22/28 MP: 3/3
  2338 | D:2      | Reached ** piety under Trog
  2665 | D:2      | HP: 2/42 [adder (2)]
  2666 | D:2      | Succumbed to an adder's poison

Illustrated notes

Levels and vault maps discovered:
D:1:      dpeg_arrival_lava_temple_mockup, layout_basic,
          chequers_ecumenical_altar_simple
D:2:      kennysheep_big_flooded_room, layout_loops_corners, minmay_liquid_box,
          kennysheep_generic_room_8

Skill      XL: |  1  2 |
---------------+-------+-----
Maces & Flails | 3 |  3.6
Armour         | 1 |  1.3
Fighting       | |  2.6
Throwing       | |  1.7
Dodging        | |  2.6

Action                   || total
-------------------------++-------
Melee: Flail             ||   135
       Punch             ||     2
Invok: Berserk           ||     1
  Use: Scroll            ||     1
       Potion            ||     1
 Stab: Sleeping          ||     1
Armor: Leather armour    ||    37
Dodge: Dodged            ||   122
